 Dungeon Crawl Stone Soup version 0.27-a0-1060-gcb85b5eba1 (webtiles) character file.

Game seed: 11671265730794434068

9596 wingedge the Blocker (level 11, -10/97 HPs)
             Began as a Hill Orc Fighter on Apr 21, 2021.
             Was a Priest of Beogh.
             Mangled by an orc knight
             ... wielding a +0 glaive
              (30 damage)
             ... in a bailey.
             The game lasted 01:35:53 (10750 turns).

wingedge the Blocker (Hill Orc Fighter)            Turns: 10750, Time: 01:35:53

Health: -10/97     AC: 24    Str: 24    XL:     11   Next: 49%
Magic:  14/14      EV:  6    Int:  8    God:    Beogh [***...]
Gold:   724        SH: 12    Dex: 13    Spells: 10/10 levels left

rFire    . . .     SeeInvis .   b - +3 mace of the Dancing Asp {vamp, Str+4 Stlth+}
rCold    . . .     Faith    .   c - +0 kite shield
rNeg     . . .     Spirit   .   l - +4 plate armour
rPois    .         Reflect  .   t - +0 helmet
rElec    .         Harm     .   (no cloak)
rCorr    .         Rampage  .   (no gloves)
Will     .....                  g - +0 pair of boots
Stlth    ..........             (no amulet)
HPRegen  0.26/turn              E - +4 ring of protection
MPRegen  0.14/turn              (no ring)

@: mighty, about to teleport
A: no striking features
a: Renounce Religion, Smiting


You were in a bailey.
You worshipped Beogh.
Beogh was most pleased with you.
You visited 2 branches of the dungeon, and saw 11 of its levels.
You also visited: Bailey.

You collected 724 gold pieces.

Inventory:

Hand Weapons
 a - a +0 war axe
 b - the +3 mace of the Dancing Asp (weapon) {vamp, Str+4 Stlth+}
   (You found it on level 8 of the Dungeon)

   It inflicts no extra harm, but heals its wielder when it wounds a living foe.
   It affects your strength (+4).
   It makes you more stealthy.
 h - a +0 war axe
 k - a +0 flail
 n - a +2 rapier of freezing
 s - a +0 hunting sling
 z - a +0 hand crossbow
 A - a +1 flail of venom
 M - a +0 shortbow
 R - a +0 vampiric battleaxe
Missiles
 e - 77 stones
 i - 17 sling bullets
 j - 72 poisoned darts (quivered)
 p - 64 bolts
 q - 58 arrows
 w - a boomerang
 B - a throwing net
 I - a javelin
Armour
 c - a +0 kite shield (worn)
 g - a +0 pair of boots (worn)
 l - a +4 plate armour (worn)
 m - a +0 scale mail
 t - a +0 helmet (worn)
 x - a +3 leather armour of fire resistance
 C - a +0 chain mail
 D - +0 acid dragon scales
 J - +0 acid dragon scales
Jewellery
 E - a +4 ring of protection (left hand)
 L - a ring of fire
Wands
 v - a wand of flame (10)
 N - a wand of digging (6)
Scrolls
 f - 3 scrolls of amnesia
 o - a scroll of noise
 r - a scroll of teleportation
 u - a scroll of magic mapping
 G - 2 scrolls of acquirement {unknown}
 K - a scroll of vulnerability {unknown}
 O - a scroll of summoning {unknown}
 Q - a scroll of enchant weapon {unknown}
Potions
 d - a potion of brilliance {unknown}
 H - a potion of flight
 P - a potion of curing
 T - a potion of heal wounds
 U - a potion of berserk rage {unknown}


   Skills:
 + Level 9.2 Fighting
 - Level 9.4(10.7) Axes
 * Level 6.7(8.5) Maces & Flails
 - Level 4.0 Throwing
 + Level 8.4 Armour
 * Level 10.5 Shields
 - Level 5.0 Invocations
 - Level 2.3 Evocations


You had 10 spell levels left.
You didn't know any spells.
Your spell library contained the following spells:

 Spells                   Type           Power      Damage    Failure   Level
 Freeze                   Ice            0%         1d3       100%        1
 Shock                    Conj/Air       0%         1d3       100%        1
 Static Discharge         Conj/Air       0%         N/A       100%        2
 Frozen Ramparts          Ice            0%         1d2       100%        3
 Ozocubu's Armour         Ice            0%         N/A       100%        3
 Swiftness                Air            0%         N/A       100%        3
 Airstrike                Air            0%         N/A       100%        4
 Hailstorm                Conj/Ice       0%         3d3       100%        4
 Lightning Bolt           Conj/Air       0%         1d11      100%        5
 Metabolic Englaciation   Hex/Ice        0%         N/A       100%        5


Dungeon Overview and Level Annotations

Branches:
Dungeon (10/15)            Temple (1/1) D:7            Lair (0/6) D:9
    Orc (0/2) D:10         Bailey (1/1)

Altars:
Ashenzari
Cheibriados
Dithmenos
Elyvilon
Fedhas
Gozag
Hepliaklqana
Kikubaaqudgha
Makhleb
Nemelex Xobeh
Okawaru
Qazlal
Ru
Sif Muna
Trog
Uskayaw
Vehumet
Wu Jian
Xom
Yredelemnul
Zin
The Shining One

Annotations:
D:8 Maurice


Message History

Okay, then.
You feel mightier all of a sudden.
The orc knight roars a battlecry!
The orc knight goes into a battle-frenzy!
Aiming: Corrosive Bolt
Press: ? - help, Shift-Dir - straight line, f/p - orc knight
Aim: an orc knight, wielding a +0 halberd and wearing a +0 scale mail (moderately wounded, strong, 64% to hit)
The bolt of acid hits the orc knight!
The orc knight is splashed with acid.
The acid corrodes the orc knight!
The orc knight is heavily wounded.
The now-empty wand crumbles to dust.
You block the orc knight's attack. x2
You block the orc warrior's attack.
The orc knight hits you with a +0 halberd!!
You block the orc knight's attack.
You thump the orc knight!
The orc knight is severely wounded.
The orc warrior hits you from afar with a +0 halberd!
* * * LOW HITPOINT WARNING * * *
The orc knight hits you with a +0 glaive.
* * * LOW HITPOINT WARNING * * *
You feel much better.
The orc warrior hits you from afar with a +0 halberd!
* * * LOW HITPOINT WARNING * * *
The orc knight closely misses you. You block the orc knight's attack.
You feel much better. You block the orc warrior's attack.
The orc knight hits you with a +0 halberd!!
* * * LOW HITPOINT WARNING * * *
You block the orc knight's attack.
As you read the scroll of teleportation, it crumbles to dust.
You feel strangely unstable.
The orc warrior hits you from afar with a +0 halberd!
* * * LOW HITPOINT WARNING * * *
The orc knight hits you but does no damage.
You block the orc knight's attack.
You feel much better.
The orc warrior hits you from afar with a +0 halberd!
* * * LOW HITPOINT WARNING * * *
The orc knight barely misses you.
The orc knight hits you with a +0 glaive!!
You die...

##.....##
#.......#
#.......#
#.......#
#.......#
#.......#
##.....##
##'''##
#...@o#
#..o..#
#...o.#
#.)...#
#.)...#
##'')##
##)....##
#..))...#
#..)....#


You could see 2 orc knights and an orc warrior (strong).

Vanquished Creatures
  A hydra (D:8)
  Pikel (D:7)
  A manticore (D:8)
  2 trolls
  Grinder (D:3)
  A wyvern (D:8)
  13 yaks
  Eustachio (D:4)
  2 acid dragons
  A water moccasin (D:7)
  14 orc warriors
  2 ice beasts
  5 necrophages
  2 ogres
  2 centaurs
  3 phantoms
  4 kobold brigands
  Blork the orc (D:4)
  4 bullfrogs
  3 scorpions
  A gnoll sergeant (D:9)
  A wyvern skeleton (D:7)
  5 killer bees (D:9)
  5 wights (D:7)
  5 howler monkeys (D:8)
  2 centaur zombies
  4 hounds
  A jelly (D:6)
  A bullfrog skeleton (D:5)
  5 iguanas
  10 orc wizards
  A killer bee zombie (D:7)
  4 hound skeletons
  A howler monkey zombie (D:6)
  8 gnolls
  6 adders
  A shadow imp (D:7)
  2 white imps
  2 ufetubi
  60 orcs
  4 endoplasms
  3 giant cockroaches
  7 goblins
  10 hobgoblins
  6 jackals
  8 quokkas
  2 ball pythons
  8 bats
  2 frilled lizards
  18 kobolds
  4 rats
261 creatures vanquished.

Vanquished Creatures (others)
  An orc warrior (Bailey)
  15 fungi
  34 plants
  7 withered plants (D:1)
57 creatures vanquished.

Grand Total: 318 creatures vanquished

Notes
Turn   | Place    | Note
-------+----------+-------------------------------------------
     0 | D:1      | wingedge the Hill Orc Fighter began the quest for the Orb.
     0 | D:1      | Reached XP level 1. HP: 19/19 MP: 1/1
   218 | D:1      | Reached XP level 2. HP: 24/27 MP: 2/2
   253 | D:1      | Found a faded altar of an unknown god.
   790 | D:2      | Reached XP level 3. HP: 19/33 MP: 3/3
  1313 | D:2      | Reached XP level 4. HP: 40/40 MP: 4/4
  1631 | D:3      | Noticed Grinder
  1880 | D:3      | Found a blossoming altar of Fedhas.
  1906 | D:3      | Reached skill level 4 in Shields
  2038 | D:3      | Found an opulent altar of Gozag.
  2175 | D:3      | Paralysed by Grinder for 2 turns
  2190 | D:3      | Killed Grinder
  2191 | D:3      | Reached XP level 5. HP: 27/47 MP: 5/5
  2191 | D:3      | Reached XP level 6. HP: 31/55 MP: 6/6
  2304 | D:4      | Reached skill level 5 in Fighting
  2514 | D:5      | Entered Level 5 of the Dungeon
  2711 | D:4      | Noticed Blork the orc
  2717 | D:4      | Killed Blork the orc
  2718 | D:4      | Reached skill level 1 in Evocations
  2718 | D:4      | Reached XP level 7. HP: 47/61 MP: 7/7
  2805 | D:4      | Reached skill level 5 in Axes
  2938 | D:4      | Reached skill level 5 in Shields
  3059 | D:4      | Noticed Eustachio
  3076 | D:4      | Killed Eustachio
  3077 | D:4      | Reached skill level 5 in Armour
  3335 | D:5      | Reached XP level 8. HP: 53/70 MP: 8/8
  4054 | D:5      | Found a glowing silver altar of Zin.
  4126 | D:6      | Reached skill level 6 in Shields
  4815 | D:6      | Reached XP level 9. HP: 19/78 MP: 9/9
  5351 | D:7      | Reached skill level 7 in Shields
  5590 | D:7      | Became a worshipper of Beogh the Brigand
  5760 | D:7      | Noticed Pikel
  5794 | D:7      | Killed Pikel
  5795 | D:7      | Reached skill level 1 in Invocations
  5934 | D:7      | Found a staircase to the Ecumenical Temple.
  5942 | Temple   | Entered the Ecumenical Temple
  6463 | D:7      | Reached skill level 8 in Shields
  6662 | D:8      | Identified the +3 mace of the Dancing Asp {vamp, Str+4
                  | Stlth+}
  6731 | D:8      | Reached skill level 1 in Maces & Flails
  6731 | D:8      | Reached XP level 10. HP: 82/88 MP: 10/12
  7254 | D:8      | Reached * piety under Beogh
  7412 | D:8      | Noticed Maurice
  7521 | D:8      | Found a basalt altar of Yredelemnul.
  7926 | D:8      | Noticed a six-headed hydra
  7934 | D:8      | Killed a six-headed hydra
  7935 | D:8      | Reached skill level 9 in Shields
  7939 | D:8      | Noticed a manticore
  7947 | D:8      | Killed a manticore
  7949 | D:8      | Noticed a boulder beetle
  8535 | D:9      | D8 has boulder beetle
  8869 | D:9      | Found a shimmering blue altar of Sif Muna.
  8922 | D:9      | Reached skill level 5 in Invocations
  8951 | D:9      | Reached skill level 5 in Maces & Flails
  8956 | D:9      | Found a staircase to the Lair.
  8970 | D:9      | Reached XP level 11. HP: 87/95 MP: 14/14
  9607 | D:10     | Entered Level 10 of the Dungeon
  9670 | D:10     | Reached skill level 10 in Shields
  9712 | D:10     | Found a staircase to the Orcish Mines.
  9728 | D:10     | Reached ** piety under Beogh
  9922 | D:10     | Found a glowing golden altar of the Shining One.
 10159 | D:10     | Found a flagged portal.
 10168 | Bailey   | Entered a bailey
 10716 | Bailey   | Reached *** piety under Beogh
 10718 | Bailey   | Noticed an orc knight
 10733 | Bailey   | Noticed an orc knight
 10750 | Bailey   | Mangled by an orc knight

Illustrated notes

#####....######.$.
..........†......#
######....########
#....## #..
#.....####.#
##.....P.##.#
#.PPP.P.....#
#...P...P....#
#.P..P..PP.@.##
..P...PPP..P.†P#
..P.P.####PP...#
...P.. #.....#


PP... #.†P...# .P #...P..# $...P..... ....P........ .P.....P.###### Turn 8535 on
D:9: D8 has boulder beetle

Levels and vault maps discovered:
D:1:      lemuel_arrival_behind_the_door_large, layout_basic,
          shapermc_ecumenical_altar_flowoftime, hangedman_glass_teeth,
          dk_noncrumbling_3, minmay_bisected
D:2:      layout_rooms, kennysheep_potato
D:3:      layout_basic, lemuel_doored_altar, fedhas_altar_3, uniq_grinder
D:4:      layout_loops_corners, lightli_corner_chamber, uniq_blork_the_orc,
          uniq_eustachio
D:5:      layout_cave_pools, marbit_many_paths, serial_park
D:6:      layout_loops_cross
D:7:      layout_loops_ring, minmay_temple_entry_gardened_gates, uniq_pikel
D:8:      layout_loops_corners, kennysheep_mini_moat, minmay_evil_grid,
          uniq_maurice
D:9:      layout_basic, kennysheep_little_box, grunt_lair_entry_orc_guard_hut
D:10:     layout_loops_ring, tso_metal_star,
          kennysheep_orc_monster_closet_entryway, enter_bailey_8
Temple:   eino_temple_scatter_basement
Bailey:   bailey_polearm_5, bailey

Skill      XL: |  1  2  3  4  5  6  7  8  9 10 11 |
---------------+----------------------------------+-----
Axes           | 3 4 5 7 9 |  9.4
Fighting       | 4 5 6 7 8 9 |  9.2
Armour         | 4 5 6 7 8 |  8.4
Shields        | 4 5 6 8 9 10 | 10.5
Throwing       | 2 3 4 |  4.0
Evocations     | 1 2 |  2.3
Invocations    | 2 5 |  5.0
Maces & Flails | 1 5 6 |  6.7

Action                   |  1- 3 |  4- 6 |  7- 9 | 10-12 || total
-------------------------+-------+-------+-------+-------++-------
Melee: War axe           |   111 |   140 |   325 |       ||   576
       Mace              |       |       |    22 |   546 ||   568
Throw: Stone             |    19 |       |       |       ||    19
       Javelin           |     2 |    22 |     8 |       ||    32
       Boomerang         |       |     4 |    43 |     3 ||    50
       Dart              |       |       |       |     8 ||     8
Invok: Convert to Beogh  |       |       |     1 |       ||     1
Evoke: Wand              |       |     1 |    11 |    24 ||    36
  Use: Scroll            |     1 |     3 |     4 |     7 ||    15
       Potion            |       |     2 |       |    13 ||    15
Armor: Scale mail        |    46 |    84 |    54 |       ||   184
       Chain mail        |       |       |   134 |    20 ||   154
       Plate armour      |       |       |       |   354 ||   354
       Skin              |       |       |       |    12 ||    12
Dodge: Dodged            |    39 |    59 |    60 |   135 ||   293
Block: Kite shield       |    68 |    74 |   166 |   436 ||   744

Table legend: (Time is in decaauts)
 A = Elapsed time spent in this place.
 B = Non-inter-level travel time spent in this place.
 C = Inter-level travel time spent in this place.
 D = Time resting spent in this place.
 E = Time spent auto-exploring this place.
 F = Levels seen in this place.
 G = Mean time per level.
                   A        B        C        D        E       F      G
               +--------+--------+--------+--------+--------+-----+--------+
         Total |  11134 |  10488 |    646 |   1925 |   2745 |  12 |  927.8 |
       Dungeon |  10368 |   9736 |    632 |   1547 |   2579 |  10 | 1036.8 |
        Temple |    181 |    167 |     14 |      0 |    166 |   1 |  181.0 |
        Bailey |    584 |    584 |      0 |    378 |      0 |   1 |  584.0 |
               +--------+--------+--------+--------+--------+-----+--------+

Top non-repeatable levels by time:
     D:8: 1879 daAuts
     D:7: 1401 daAuts
     D:9: 1145 daAuts
     D:6: 1055 daAuts
     D:1: 1009 daAuts
     D:5: 979 daAuts
     D:4: 977 daAuts
     D:3: 896 daAuts
  Bailey: 584 daAuts
    D:10: 579 daAuts
     D:2: 443 daAuts
  Temple: 181 daAuts
